 Dungeon Crawl Stone Soup version 0.21.1-1-g345015fe64 (webtiles) character file.

236 PentaManta the Grave Robber (level 5, -6/35 HPs)
             Began as a Mummy Necromancer on Mar 19, 2018.
             Mangled by an iron imp (9 damage)
             ... summoned by Eustachio
             ... on level 4 of the Dungeon.
             The game lasted 00:29:31 (3635 turns).

PentaManta the Grave Robber (Mummy Necromancer)     Turns: 3635, Time: 00:29:31

Health: -6/35      AC:  3    Str: 11    XL:     5   Next: 77%
Magic:  1/11       EV: 13    Int: 15    God:
Gold:   121        SH:  0    Dex: 13    Spells: 4/12 levels left

rFire    x . .     SeeInvis .   (no weapon)
rCold    + . .     Gourm    .   (no shield)
rNeg     + + +     Faith    .   a - +1 robe
rPois    ∞         Spirit   .   (no helmet)
rElec    .         Reflect  .   d - scarf {cloud immunity}
rCorr    .         Harm     .   (no gloves)
MR       +....                  (no boots)
Stlth    +++.......             (no amulet)
HPRegen  0.11/turn              f - ring of stealth
MPRegen  0.12/turn              o - ring of protection from magic

@: no status effects
A: no food or potions, fire vulnerability, cold resistance 1, negative energy
resistance 3, torment resistance, unbreathing
a: no special abilities


You were on level 4 of the Dungeon.
You were not hungry.

You visited 1 branch of the dungeon, and saw 4 of its levels.

You collected 121 gold pieces.

Inventory:

Armour
 a - a +1 robe (worn)
 d - a scarf of cloud immunity (worn)
Jewellery
 f - a ring of stealth (left hand)
 i - an uncursed ring of ice {unknown}
 o - a ring of protection from magic (right hand)
Scrolls
 c - 2 scrolls of remove curse
 e - 5 scrolls of enchant armour
 g - a scroll of identify {unknown}
 h - a scroll of immolation
 j - a scroll of amnesia
 l - 2 scrolls of teleportation {unknown}
 m - a scroll of magic mapping {unknown}
 n - 2 scrolls of random uselessness {unknown}
Books
 b - a book of Necromancy

   Spells                             Type                      Level
   a - Pain                           Necromancy                   1
   b - Animate Skeleton               Necromancy                   1
   c - Vampiric Draining              Necromancy                   3
   d - Regeneration                   Charms/Necromancy            3
   e - Animate Dead                   Necromancy                   4
   f - Borgnjor's Vile Clutch         Necromancy/Earth             5


   Skills:
 - Level 3.1 Dodging
 - Level 2.4 Stealth
 + Level 4.3 Spellcasting
 * Level 5.1 Necromancy


You had 4 spell levels left.
You knew the following spells:

 Your Spells              Type           Power        Failure   Level  Hunger
a - Pain                  Necr           ###.         1%          1    N/A
c - Animate Dead          Necr           N/A          21%         4    N/A
d - Vampiric Draining     Necr           ###.......   6%          3    N/A

Dungeon Overview and Level Annotations

Branches:
Dungeon (4/15)
 Temple: D:4-7

Altars:
Makhleb
Okawaru

Annotations:
D:4 Eustachio


Innate Abilities, Weirdness & Mutations

You do not eat or drink.
Your flesh is vulnerable to fire.
You are immune to poison.
Your flesh is cold resistant. (rC+)
You are immune to negative energy. (rN+++)
You are immune to unholy pain and torment.
You can survive without breathing.


Message History

The adder closely misses you. The iron imp barely misses you.
The gnoll shouts!
The adder barely misses you. x2
Casting: Pain
Confirm with . or Enter, or press ? or * to list all spells.
Aiming: Pain
Press: ? - help, Shift-Dir - straight line, f - adder, p - Eustachio
Aim: an adder (lightly wounded, inner flame, chance to defeat MR: 84%)
Okay, then.
Casting: Pain
Confirm with . or Enter, or press ? or * to list all spells.
Aiming: Pain
Press: ? - help, Shift-Dir - straight line, f - adder, p - Eustachio
Aim: an adder (lightly wounded, inner flame, chance to defeat MR: 84%)
Okay, then.
As you read the scroll labeled POCUIQIYPY, it crumbles to dust.
It is a scroll of enchant weapon.
You aren't carrying any weapons that can be enchanted.
The iron imp hits you!
You die... .# .# .# .# .# #.# .# #.# #.# ###Z###.## #.# #.# #.# #@Soogg.g.

#.# #.# #.#
#5#oo##.## #.# #.#
#.# #r##.# #.# #.#
#.# #5# .# #.# #.#
#.# #r# # #.##
#.###.#####.# #
...###.##......@.##.#
.........#.!..)b....#
...######.#####..####


You could see Eustachio (inner flame), an iron imp, an orc priest, 3 gnolls, an
adder (inner flame), 2 river rats, a white imp, 3 orcs, a bat and a centaur
skeleton (inner flame).

Vanquished Creatures
  A worker ant (D:2)
  Natasha (thrice) (D:2 D:3)
  5 adders
  3 worms
  2 dart slugs
  3 leopard geckos
  2 orcs (D:4)
  2 giant cockroaches
  6 hobgoblins
  11 jackals
  6 kobolds
  5 quokkas
  3 bats (D:1)
  8 frilled lizards
  6 goblins
  3 rats
69 creatures vanquished.

Vanquished Creatures (collateral kills)
  An orc (D:4)
  4 jackals (D:2)
5 creatures vanquished.

Grand Total: 74 creatures vanquished

Notes
Turn   | Place    | Note
-------+----------+-------------------------------------------
     0 | D:1      | PentaManta the Mummy Necromancer began the quest for the Orb.
     0 | D:1      | Reached XP level 1. HP: 13/13 MP: 4/4
     2 | D:1      | Learned a level 1 spell: Animate Skeleton
   172 | D:1      | Reached XP level 2. HP: 17/19 MP: 0/5
  1057 | D:2      | Noticed Natasha
  1061 | D:2      | Noticed a crimson imp
  1063 | D:2      | Killed Natasha
  1063 | D:2      | Reached XP level 3. HP: 15/24 MP: 0/7
  1154 | D:2      | Found a faded altar of an unknown god.
  1253 | D:2      | Reached XP level 4. HP: 9/30 MP: 0/9
  1540 | D:2      | Learned a level 4 spell: Animate Dead
  2350 | D:2      | Reached XP level 5. HP: 31/35 MP: 5/10
  2522 | D:3      | Noticed Natasha
  2528 | D:3      | Killed Natasha
  2578 | D:3      | Noticed Natasha
  2585 | D:3      | Killed Natasha
  2826 | D:3      | Found an iron altar of Okawaru.
  3022 | D:3      | Learned a level 3 spell: Vampiric Draining
  3147 | D:3      | Reached skill level 5 in Necromancy
  3360 | D:3      | Found a burning altar of Makhleb.
  3582 | D:4      | Noticed Eustachio
  3635 | D:4      | Mangled by an iron imp

Skill      XL: |  1  2  3  4  5 |
---------------+----------------+-----
Stealth        | 2 |  2.4
Spellcasting   | 3 4 |  4.3
Dodging        | 2 3 |  3.1
Necromancy     | 5 |  5.1

Action                   |  1- 3 |  4- 6 || total
-------------------------+-------+-------++-------
Melee: Unarmed           |     6 |    31 ||    37
 Cast: Pain              |    56 |   122 ||   178
       Animate Skeleton  |     1 |       ||     1
       Animate Dead      |       |    13 ||    13
  Use: Scroll            |     2 |     3 ||     5
Armor: Robe              |    13 |    17 ||    30
Dodge: Dodged            |    34 |    66 ||   100
